 Dungeon Crawl Stone Soup version 0.15-a0-1894-g162a615 (webtiles) character file.

361 Conan321 the Ducker (level 6, -4/32 HPs)
             Began as a Spriggan Warper on July 5, 2014.
             Slain by an ogre
             ... wielding a +0 giant spiked club
              (11 damage)
             ... on Level 4 of the Dungeon.
             The game lasted 00:17:02 (4560 turns).

Conan321 the Ducker (Spriggan Warper)               Turns: 4560, Time: 00:17:02

HP  -4/32        AC  3     Str  9      XL: 6   Next: 38%
MP  18/18        EV 21     Int 15      God:
Gold 111         SH  0     Dex 15      Spells:  2 memorised,  6 levels left

rFire  x . .     SeeInvis +     a - +1 short sword
rCold  + . .     Clarity  .     b - +0 robe
rNeg   . . .     rCorr    .     (shield restricted)
rPois  .         rRot     .     (helmet restricted)
rElec  .         Spirit   .     e - +0 cloak (curse)
SustAb .         Warding  .     (gloves unavailable)
rMut   .         Stasis   .     (boots unavailable)
Gourm  .                        (no amulet)
MR     +....                    y - ring of ice
                                v - ring of wizardry

@: very quick, somewhat resistant to hostile enchantments, unstealthy
A: unfitting armour, see invisible, herbivore 3, speed 3, slow metabolism 2
a: no special abilities


You were on level 4 of the Dungeon.
You were not hungry.

You visited 1 branch of the dungeon, and saw 4 of its levels.

You collected 111 gold pieces.

Inventory:

Hand weapons
 a - a +1 short sword (weapon)
Missiles
 o - 7 javelins
 x - 11 poisoned sling bullets
Armour
 b - a +0 robe (worn)
 e - a cursed +0 cloak (worn)
 k - a +0 cloak
Comestibles
 p - 4 bread rations
Scrolls
 d - a scroll of blinking
 h - a scroll of teleportation
 j - 3 scrolls of remove curse
 l - 3 scrolls of identify
 q - 2 scrolls of enchant weapon
 s - a scroll of fear
Jewellery
 v - a ring of wizardry (left hand)
 y - a ring of ice (right hand)
Potions
 f - a potion of porridge
 g - 2 potions of flight
 i - a potion of magic {unknown}
 w - a potion of mutation
Books
 c - a book of Spatial Translocations

   Spells                             Type                      Level
   Apportation                        Translocation                1
   *Blink                             Translocation                2
   Shroud of Golubria                 Charms/Translocation         2
   Portal Projectile                  Translocation                3
   *Teleport Other                    Translocation                3
   Passage of Golubria                Translocation                4
 r - a book of Alchemy

   Spells                             Type                      Level
   Sublimation of Blood               Necromancy                   2
   Alistair's Intoxication            Transmutation/Poison         4
   Condensation Shield                Ice                          4
   Petrify                            Transmutation/Earth          4
   Ignite Poison                      Fire/Transmutation           5


   Skills:
 + Level 2.9 Fighting
 + Level 3.2 Short Blades
 + Level 2.9 Throwing
 + Level 6.2 Dodging
 + Level 2.2 Stealth
 + Level 3.2 Spellcasting
 + Level 5.3 Translocations


You had 6 spell levels left.
You knew the following spells:

 Your Spells              Type           Power        Failure   Level  Hunger
b - Blink                 Tloc           N/A          1%          2    ##.....
c - Teleport Other        Tloc           ###.....     4%          3    ###....


Dungeon Overview and Level Annotations

Branches:
Dungeon (4/15)
 Temple: D:4-7

Altars:
Gozag
Xom


Innate Abilities, Weirdness & Mutations

You are tiny and cannot use many weapons and most armour.
You have supernaturally acute eyesight.
You are a herbivore.
You cover ground extremely quickly.
You need consume almost no food.


Message History

The bat hits you but does no damage. x2
The kobold closely misses you.
You barely miss the kobold.
The kobold is almost dead.
The bat misses you. The kobold completely misses you.
You closely miss the kobold.
The kobold is almost dead.
The bat misses you. The kobold completely misses you.
You closely miss the kobold.
The kobold is almost dead.
The bat completely misses you. The kobold misses you.
The bat completely misses you.
You closely miss the kobold.
The kobold is almost dead.
The bat misses you. The kobold completely misses you.
You hit the kobold.
You kill the kobold!
The bat completely misses you.
The phantom blinks!
The ogre hits you with a giant spiked club!
You die...

#.##.≈≈.'..#.#
##§......###
.###.≈≈.#..#.# #.......#
.# #.≈≈.#..#.# #.......#
## #.≈≈.#..#.# #.......#
####.≈≈.#..#.# #.......#
##8#.≈≈.#..#.# #.W.....#
##.#.≈≈.#..#.# #.......#
..###≈≈##..#.####O......#
############...)@.......#
............%(...b......#
##########..#...........#
##.#...........#
#.#...........#
#.....!#.######
..wh...h......#.#
..)..........#.#
..........####>#


You could see a phantom, an ogre and a bat.

Vanquished Creatures
  An ogre (D:4)
  A hound (D:4)
  An iguana (D:4)
  2 worker ants (D:4)
  Jessica (D:3)
  8 adders
  An inept feature mimic (D:4)
  2 worms
  2 giant geckos (D:1)
  An ooze (D:4)
  3 orcs
  A ball python (D:2)
  2 giant cockroaches
  3 goblins
  9 hobgoblins
  2 quokkas
  4 bats
  7 giant newts
  A hobgoblin skeleton (D:4)
  8 kobolds
  2 orc skeletons (D:4)
  6 rats
68 creatures vanquished.

Notes
Turn   | Place    | Note
--------------------------------------------------------------
     0 | D:1      | Conan321, the Spriggan Warper, began the quest for the Orb.
     0 | D:1      | Reached XP level 1. HP: 10/10 MP: 4/4
   440 | D:1      | Reached XP level 2. HP: 8/15 MP: 7/7
   645 | D:2      | Learned a level 2 spell: Blink
   701 | D:2      | Reached skill level 5 in Translocations
   780 | D:2      | Found a shimmering altar of Xom.
  1009 | D:2      | Reached XP level 3. HP: 16/18 MP: 11/11
  1081 | D:2      | Found an opulent altar of Gozag.
  1528 | D:3      | Noticed Jessica
  1547 | D:3      | Killed Jessica
  1547 | D:3      | Reached XP level 4. HP: 20/23 MP: 13/13
  2532 | D:3      | Learned a level 3 spell: Teleport Other
  2601 | D:4      | Reached skill level 5 in Dodging
  2601 | D:4      | Reached skill level 1 in Stealth
  2654 | D:4      | Reached XP level 5. HP: 8/27 MP: 16/16
  2661 | D:4      | Gained mutation: You tend to lose your temper in combat. [potion of mutation]
  2661 | D:4      | Gained mutation: Your body is slowly deteriorating. [potion of mutation]
  2665 | D:4      | Lost mutation: You tend to lose your temper in combat. [potion of cure mutation]
  2665 | D:4      | Lost mutation: Your body is slowly deteriorating. [potion of cure mutation]
  2705 | D:4      | Noticed an ogre
  2712 | D:4      | Killed an ogre
  3060 | D:4      | Noticed an ogre
  3270 | D:4      | Noticed a phantom
  3641 | D:4      | Noticed an ogre
  3682 | D:4      | Reached XP level 6. HP: 28/32 MP: 18/18
  3773 | D:4      | Reached skill level 6 in Dodging
  4560 | D:4      | Slain by an ogre

Action                   |  1- 3 |  4- 6 || total
-------------------------+-------+-------++-------
Melee: Short sword       |   123 |   218 ||   341
Throw: Tomahawk          |    20 |    23 ||    43
 Cast: Blink             |     2 |       ||     2
       Teleport Other    |       |     1 ||     1
  Use: Scroll            |     6 |     2 ||     8
       Potion            |       |    11 ||    11
 Stab: Sleeping          |       |     3 ||     3
  Eat: Royal jelly       |       |     1 ||     1
